Tampa Bay Lightning vs Anaheim Ducks
(R1)
Created - Thursday, March 7, 2024 at 07:01
Goals
|
| Tampa Bay Lightning |
3 |
0 |
1 |
4 |
| Anaheim Ducks |
2 |
1 |
3 |
6 |
|
Shots
|
| Tampa Bay Lightning |
15 |
7 |
9 |
31 |
| Anaheim Ducks |
11 |
2 |
14 |
27 |
|
1st period
1. Tampa Bay Lightning , Travis Konecny 13 (Johnny Gaudreau 20, Anze Kopitar 19) at 10:16 (PP)
2. Anaheim Ducks , Mark Scheifele 13 (J.T. Compher 7, Alex Killorn 4) at 12:33
3. Tampa Bay Lightning , Kirill Kaprizov 9 (Johnny Gaudreau 21, Anze Kopitar 20) at 13:10
4. Tampa Bay Lightning , Johnny Gaudreau 15 (Travis Konecny 17) at 13:41
5. Anaheim Ducks , John Tavares 10 (Mark Scheifele 16, Esa Lindell 5) at 15:10
Penalties :
William Nylander (ANA) for Hooking (Minor) at 0:14, Mark Scheifele (ANA) for Kneeing (Minor) at 10:00, Mark Scheifele (ANA) for Slashing (Minor) at 10:27, Michael Matheson (TBL) for Hooking (Minor) at 15:34, Max Domi (ANA) for Hooking (Minor) at 17:02
2nd period
6. Anaheim Ducks , William Nylander 21 (Mark Scheifele 17, John Tavares 20) at 7:09
Penalties :
Josh Manson (ANA) for Roughing (Minor) at 1:27, Darnell Nurse (TBL) for High sticking (Minor) at 7:25
3rd period
7. Anaheim Ducks , William Nylander 22 (Mark Scheifele 18, Joshua Morrissey 13) at 0:47 (PP)
8. Tampa Bay Lightning , Kirill Kaprizov 10 (Logan Couture 12) at 3:34 (PP)
9. Anaheim Ducks , John Tavares 11 (Joshua Morrissey 14, Morgan Rielly 9) at 10:32
10. Anaheim Ducks , Chandler Stephenson 6 (Brenden Dillon 5, Alex Killorn 5) at 19:06 (Empty Net)
Penalties :
Moritz Seider (TBL) for Interference (Minor) at 0:22, J.T. Compher (ANA) for Roughing (Double Minor) at 2:05, Brenden Dillon (ANA) for Hooking (Minor) at 3:17
Goalie Stats
Jeremy Swayman (TBL), 21 saves from 26 shots - (0.808), L, 3-3-1, 59:40 minutes
Linus Ullmark (ANA), 27 saves from 31 shots - (0.871), W, 13-9-0, 60:00 minutes
Players Stats for Tampa Bay Lightning
Player Name G A P +/- PIM S H SB GA TA FO MP PP MP PK MP
------------------------------------------------------------------------------------
Anze Kopitar 0 2 2 -3 0 3 0 1 0 0 19/38 24:35 6:32 2:20
Blake Lizotte 0 0 0 0 0 0 0 0 0 0 0/0 0:00 0:00 0:00
Darnell Nurse 0 0 0 -1 2 2 1 2 0 1 0/0 22:22 4:05 1:25
Dylan Cozens 0 0 0 -1 0 0 2 0 0 0 0/2 12:23 0:12 1:17
Gustav Nyquist 0 0 0 -1 0 1 0 2 0 0 0/0 10:14 0:05 0:15
Hampus Lindholm 0 0 0 -1 0 1 0 2 0 1 0/0 23:06 4:05 1:04
Johnny Gaudreau 1 2 3 -2 0 4 0 1 3 1 0/0 20:50 6:25 0:00
Kirill Kaprizov 2 0 2 0 0 6 1 0 0 1 0/1 18:43 4:32 0:15
Logan Couture 0 1 1 1 0 1 2 0 0 0 5/12 20:07 4:32 2:20
Michael Matheson 0 0 0 -1 2 0 0 1 0 0 0/0 23:55 7:11 0:16
Moritz Seider 0 0 0 -1 2 0 3 1 0 1 0/0 25:23 7:04 1:07
Roope Hintz 0 0 0 1 0 1 1 1 0 1 0/0 17:47 4:32 0:00
Ryan Graves 0 0 0 -1 0 0 1 0 0 1 0/0 12:40 0:00 1:23
Tomas Hertl 0 0 0 -1 0 0 1 2 0 0 4/6 14:01 0:00 0:00
Travis Konecny 1 1 2 -3 0 5 3 1 1 0 1/1 22:24 6:25 1:17
Trevor Moore 0 0 0 0 0 1 0 1 0 0 0/0 7:06 0:00 0:00
Tyler Toffoli 0 0 0 0 0 3 2 0 0 0 0/0 6:56 0:05 0:00
Vladislav Gavrikov 0 0 0 -1 0 3 0 0 0 1 0/0 13:02 0:00 2:29
Players Stats for Anaheim Ducks
Player Name G A P +/- PIM S H SB GA TA FO MP PP MP PK MP
------------------------------------------------------------------------------------
Alex Killorn 0 2 2 0 0 1 2 0 2 0 0/1 18:59 1:22 5:52
Brayden Schenn 0 0 0 0 0 0 1 0 0 0 0/0 10:56 0:00 1:03
Brenden Dillon 0 1 1 0 2 0 4 1 0 2 0/0 19:05 0:00 4:57
Calle Jarnkrok 0 0 0 0 0 1 2 0 0 0 0/0 6:39 0:00 0:00
Chandler Stephenson 1 0 1 0 0 2 2 0 0 0 12/19 18:58 1:22 5:51
Esa Lindell 0 1 1 0 0 3 1 0 0 0 0/0 21:42 0:00 5:32
Ivan Provorov 0 0 0 1 0 1 3 1 1 0 0/0 22:55 1:30 5:37
J.T. Compher 0 1 1 1 4 0 0 0 0 0 2/4 13:09 0:00 3:09
John Tavares 2 1 3 2 0 3 4 1 0 0 13/26 19:10 2:30 0:06
Josh Manson 0 0 0 1 2 0 2 3 0 0 0/0 19:30 1:30 4:23
Joshua Morrissey 0 2 2 2 0 0 1 0 1 1 0/0 17:47 2:22 0:14
Mark Scheifele 1 3 4 3 4 7 1 0 0 0 0/2 18:38 2:30 0:00
Mason Marchment 0 0 0 0 0 0 1 0 0 0 0/0 6:39 0:00 0:00
Max Domi 0 0 0 -1 2 1 0 2 0 0 1/1 12:48 1:21 0:13
Morgan Rielly 0 1 1 2 0 0 2 0 0 1 0/0 19:14 2:22 1:34
Nazem Kadri 0 0 0 0 0 2 0 0 0 0 0/3 6:39 0:00 0:00
Teuvo Teravainen 0 0 0 2 0 1 0 0 1 0 2/2 14:14 0:00 3:59
William Nylander 2 0 2 2 2 5 1 0 3 0 1/2 19:12 2:30 0:06
3 Stars
1 - John Tavares (ANA)
2 - Mark Scheifele (ANA)
3 - William Nylander (ANA)
Power Play
Tampa Bay Lightning - 2 on 8 Attempt(s) - 25.00%
Anaheim Ducks - 1 on 3 Attempt(s) - 33.33%
Penalty Kill
Tampa Bay Lightning - 2 on 3 Attempt(s) - 66.67%
- Score 0 goal in Penalty Kill
Anaheim Ducks - 6 on 8 Attempt(s) - 75.00%
- Score 0 goal in Penalty Kill
Team Stat
Tampa Bay Lightning - Hits : 17 - Faceoff Wins : 29 - Blocked Shots : 15 - Penalty Minutes : 6
Anaheim Ducks - Hits : 27 - Faceoff Wins : 31 - Blocked Shots : 8 - Penalty Minutes : 16
Official
Referees : Dan O'Halloran and Graham Skiliter
Linesman : Vaughan Rody and Brad Kovachik
Game Notes
Chandler Stephenson has scored in a empty net!
Finance
Level 1 -- Attendance: 5134 (85.57%) -- Ticket Income $513,400
Level 2 -- Attendance: 3639 (72.78%) -- Ticket Income $218,340
Level 3 -- Attendance: 1980 (66.00%) -- Ticket Income $91,080
Level 4 -- Attendance: 3760 (75.20%) -- Ticket Income $94,000
Luxury Box -- Attendance: 828 (82.80%) -- Ticket Income $165,600
Game was played at the Honda Center.
Total Attendance: 15341 (76.71%)
Total Ticket Income: $1,082,420
Other Income: $378,847
Total Income: $1,461,267
Tampa Bay Lightning
5 vs 5 Forward
Center Left Wing Right Wing Time % Phy DF OF
1 Anze Kopitar Johnny Gaudreau Travis Konecny 35 0 2 3
2 Logan Couture Roope Hintz Kirill Kaprizov 30 0 1 4
3 Tomas Hertl Dylan Cozens Gustav Nyquist 20 0 2 3
4 Tomas Hertl Trevor Moore Tyler Toffoli 15 0 1 4
5 vs 5 Defense
Defense Defense Time % Phy DF OF
1 Darnell Nurse Michael Matheson 40 0 3 2
2 Moritz Seider Hampus Lindholm 40 0 3 2
3 Vladislav Gavrikov Ryan Graves 20 0 4 1
4 Darnell Nurse Hampus Lindholm 0 0 3 2
PowerPlay Forward
Center Left Wing Right Wing Time % Phy DF OF
1 Anze Kopitar Johnny Gaudreau Travis Konecny 65 0 1 4
2 Logan Couture Roope Hintz Kirill Kaprizov 35 0 1 4
PowerPlay Defense
Defense Defense Time % Phy DF OF
1 Moritz Seider Michael Matheson 65 1 2 2
2 Darnell Nurse Hampus Lindholm 35 1 2 2
Penalty Kill 4 Players Forward
Center Wing Time % Phy DF OF
1 Anze Kopitar Logan Couture 55 1 4 0
2 Dylan Cozens Travis Konecny 45 1 4 0
Penalty Kill 4 Players Defense
Defense Defense Time % Phy DF OF
1 Vladislav Gavrikov Darnell Nurse 55 1 4 0
2 Ryan Graves Moritz Seider 45 1 4 0
Penalty Kill - 3 Players Forward
Forward Time % Phy DF OF
1 Anze Kopitar 50 1 4 0
2 Logan Couture 50 1 4 0
Penalty Kill - 3 Players Defense
Defense Defense Time % Phy DF OF
1 Vladislav Gavrikov Darnell Nurse 50 0 5 0
2 Ryan Graves Moritz Seider 50 0 5 0
4 vs 4 Forward
Center Wing Time % Phy DF OF
1 Anze Kopitar Dylan Cozens 55 0 2 3
2 Logan Couture Tomas Hertl 45 0 3 2
4 vs 4 Defense
Defense Defense Time % Phy DF OF
1 Darnell Nurse Hampus Lindholm 55 0 3 2
2 Moritz Seider Michael Matheson 45 0 3 2
Last Minutes Offensive
Center Left Wing Right Wing Defense Defense
Anze Kopitar Kirill Kaprizov Travis Konecny Darnell Nurse Hampus Lindholm
Last Minutes Defensive
Center Left Wing Right Wing Defense Defense
Anze Kopitar Kirill Kaprizov Travis Konecny Darnell Nurse Hampus Lindholm
Goaltenders
Starting : Jeremy Swayman
Backup : Filip Gustavsson
Extra Forwards
Normal : Dylan Cozens, Trevor Moore, Roope Hintz - PP : Dylan Cozens, Tyler Toffoli - PK : Gustav Nyquist
Extra Defensemen
Normal : Moritz Seider, Darnell Nurse, Vladislav Gavrikov - PP : Ryan Graves - PK : Hampus Lindholm, Michael Matheson
Penalty Shots
Gustav Nyquist, Kirill Kaprizov, Logan Couture, Trevor Moore, Anze Kopitar
Anaheim Ducks
5 vs 5 Forward
Center Left Wing Right Wing Time % Phy DF OF
1 John Tavares William Nylander Mark Scheifele 40 1 1 3
2 Chandler Stephenson Max Domi Alex Killorn 30 1 2 2
3 J.T. Compher Teuvo Teravainen Brayden Schenn 20 1 2 2
4 Nazem Kadri Mason Marchment Calle Jarnkrok 10 1 2 2
5 vs 5 Defense
Defense Defense Time % Phy DF OF
1 Morgan Rielly Joshua Morrissey 35 1 2 2
2 Ivan Provorov Esa Lindell 35 1 2 2
3 Brenden Dillon Josh Manson 30 1 2 2
4 Morgan Rielly Esa Lindell 0 1 2 2
PowerPlay Forward
Center Left Wing Right Wing Time % Phy DF OF
1 John Tavares William Nylander Mark Scheifele 60 1 1 3
2 Chandler Stephenson Max Domi Alex Killorn 40 0 1 4
PowerPlay Defense
Defense Defense Time % Phy DF OF
1 Morgan Rielly Joshua Morrissey 60 1 2 2
2 Josh Manson Ivan Provorov 40 1 2 2
Penalty Kill 4 Players Forward
Center Wing Time % Phy DF OF
1 Chandler Stephenson Alex Killorn 55 1 3 1
2 J.T. Compher Teuvo Teravainen 45 1 3 1
Penalty Kill 4 Players Defense
Defense Defense Time % Phy DF OF
1 Esa Lindell Brenden Dillon 50 1 3 1
2 Ivan Provorov Josh Manson 50 1 3 1
Penalty Kill - 3 Players Forward
Forward Time % Phy DF OF
1 Alex Killorn 50 1 3 1
2 Chandler Stephenson 50 1 3 1
Penalty Kill - 3 Players Defense
Defense Defense Time % Phy DF OF
1 Esa Lindell Brenden Dillon 50 1 3 1
2 Josh Manson Ivan Provorov 50 1 3 1
4 vs 4 Forward
Center Wing Time % Phy DF OF
1 John Tavares William Nylander 60 1 2 2
2 Chandler Stephenson Mark Scheifele 40 1 2 2
4 vs 4 Defense
Defense Defense Time % Phy DF OF
1 Esa Lindell Morgan Rielly 50 1 2 2
2 Ivan Provorov Brenden Dillon 50 1 2 2
Last Minutes Offensive
Center Left Wing Right Wing Defense Defense
John Tavares William Nylander Mark Scheifele Morgan Rielly Joshua Morrissey
Last Minutes Defensive
Center Left Wing Right Wing Defense Defense
Chandler Stephenson Alex Killorn Teuvo Teravainen Ivan Provorov Esa Lindell
Goaltenders
Starting : Linus Ullmark
Backup : James Reimer
Extra Forwards
Normal : William Nylander, John Tavares, Mark Scheifele - PP : John Tavares, Mark Scheifele - PK : Alex Killorn
Extra Defensemen
Normal : Esa Lindell, Morgan Rielly, Joshua Morrissey - PP : Joshua Morrissey - PK : Esa Lindell, Morgan Rielly
Penalty Shots
William Nylander, Teuvo Teravainen, Mark Scheifele, Calle Jarnkrok, Alex Killorn
% Time on Ice - Tampa Bay Lightning
Lines # - Real PCT - Wanted PCT - Time Play
Normal Forward
1 - 34% - 35% - 15:03
2 - 30% - 30% - 13:15
3 - 21% - 20% - 9:16
4 - 15% - 15% - 6:37
Normal Defense
1 - 37% - 40% - 16:29
2 - 38% - 40% - 16:35
3 - 24% - 20% - 10:33
4 - 1% - 0% - 0:34
PP Forward
1 - 59% - 65% - 6:37
2 - 41% - 35% - 4:32
PP Defense
1 - 69% - 65% - 7:39
2 - 31% - 35% - 3:30
PK Forward
1 - 67% - 55% - 2:35
2 - 33% - 45% - 1:17
PK Defense
1 - 71% - 55% - 2:45
2 - 29% - 45% - 1:07
PK3 Forward
1 - 0% - 50%
2 - 0% - 50%
PK3 Defense
1 - 0% - 50%
2 - 0% - 50%
44 Forward
1 - 100% - 55% - 0:31
2 - 0% - 45% - 0:00
44 Defense
1 - 100% - 55% - 0:31
2 - 0% - 45% - 0:00
Last Minute Offensive - 0:17
Last Minute Defensive - 0:00
Total
Forward - 60:00
Defense - 60:00
|
% Time on Ice - Anaheim Ducks
Lines # - Real PCT - Wanted PCT - Time Play
Normal Forward
1 - 37% - 40% - 16:21
2 - 26% - 30% - 11:36
3 - 22% - 20% - 9:38
4 - 15% - 10% - 6:39
Normal Defense
1 - 35% - 35% - 15:18
2 - 36% - 35% - 15:57
3 - 29% - 30% - 12:59
4 - 0% - 0% - 0:00
PP Forward
1 - 65% - 60% - 2:30
2 - 35% - 40% - 1:22
PP Defense
1 - 61% - 60% - 2:22
2 - 39% - 40% - 1:30
PK Forward
1 - 57% - 55% - 5:11
2 - 43% - 45% - 3:59
PK Defense
1 - 49% - 50% - 4:31
2 - 51% - 50% - 4:39
PK3 Forward
1 - 50% - 50% - 1:00
2 - 50% - 50% - 0:59
PK3 Defense
1 - 51% - 50% - 1:01
2 - 49% - 50% - 0:58
44 Forward
1 - 100% - 60% - 0:31
2 - 0% - 40% - 0:00
44 Defense
1 - 52% - 50% - 0:16
2 - 48% - 50% - 0:15
Last Minute Offensive - 0:00
Last Minute Defensive - 0:14
Total
Forward - 60:00
Defense - 60:00
|
Play-by-Play
1st period
0:01 of 1st period - Anze Kopitar wins face-off versus John Tavares in neutral zone.
0:12 of 1st period - Wrist shot by Johnny Gaudreau.
0:12 of 1st period - Shot Misses the Net.
0:14 of 1st period - Minor Penalty to William Nylander for Hooking.
0:15 of 1st period - Anze Kopitar wins face-off versus Chandler Stephenson in Anaheim Ducks zone.
0:41 of 1st period - Michael Matheson is hit by Brenden Dillon and loses puck.
2:14 of 1st period - Penalty to William Nylander is over, William Nylander is back on ice.
2:22 of 1st period - Slapshot by John Tavares.
2:22 of 1st period - Stopped by Jeremy Swayman with a rebound.
2:40 of 1st period - Ryan Graves is hit by Morgan Rielly and loses puck.
2:53 of 1st period - Mason Marchment is hit by Kirill Kaprizov and loses puck.
4:08 of 1st period - Logan Couture is hit by Brenden Dillon and loses puck.
4:26 of 1st period - Calle Jarnkrok is hit by Tyler Toffoli and loses puck.
5:14 of 1st period - Darnell Nurse is hit by Calle Jarnkrok and loses puck.
5:46 of 1st period - Kirill Kaprizov is hit by Brayden Schenn and loses puck.
7:12 of 1st period - Snap shot by Mark Scheifele.
7:12 of 1st period - Stopped by Jeremy Swayman with a rebound.
8:28 of 1st period - Gustav Nyquist is hit by Alex Killorn and loses puck.
8:59 of 1st period - Travis Konecny is hit by Brenden Dillon and loses puck.
9:24 of 1st period - Wrist shot by Trevor Moore.
9:24 of 1st period - Stopped by Linus Ullmark without a rebound.
9:25 of 1st period - Chandler Stephenson wins face-off versus Dylan Cozens in Anaheim Ducks zone.
10:00 of 1st period - Minor Penalty to Mark Scheifele for Kneeing.
10:01 of 1st period - Chandler Stephenson wins face-off versus Anze Kopitar in Anaheim Ducks zone.
10:01 of 1st period - Chandler Stephenson is hit by Travis Konecny.
10:16 of 1st period - Backhand shot by Travis Konecny.
10:16 of 1st period - Goal by Travis Konecny - Tampa Bay Lightning : 1 - Anaheim Ducks : 0.
10:17 of 1st period - Anze Kopitar wins face-off versus John Tavares in neutral zone.
10:27 of 1st period - Minor Penalty to Mark Scheifele for Slashing.
10:28 of 1st period - Anze Kopitar wins face-off versus Chandler Stephenson in Anaheim Ducks zone.
11:06 of 1st period - Wrist shot by Kirill Kaprizov.
11:06 of 1st period - Stopped by Linus Ullmark without a rebound.
11:07 of 1st period - Chandler Stephenson wins face-off versus Anze Kopitar in Anaheim Ducks zone.
11:32 of 1st period - Logan Couture is hit by Josh Manson and loses puck.
12:13 of 1st period - Moritz Seider is hit by Esa Lindell.
12:27 of 1st period - Penalty to Mark Scheifele is over, Mark Scheifele is back on ice.
12:31 of 1st period - Wrist shot by J.T. Compher.
12:31 of 1st period - Shot Blocked by Tomas Hertl.
12:33 of 1st period - Snap shot by Mark Scheifele.
12:33 of 1st period - Goal by Mark Scheifele - Tampa Bay Lightning : 1 - Anaheim Ducks : 1.
12:34 of 1st period - Anze Kopitar wins face-off versus John Tavares in neutral zone.
12:53 of 1st period - William Nylander is hit by Moritz Seider and loses puck.
13:08 of 1st period - Snap shot by Kirill Kaprizov.
13:08 of 1st period - Shot Blocked by Josh Manson.
13:10 of 1st period - Slapshot by Kirill Kaprizov.
13:10 of 1st period - Goal by Kirill Kaprizov - Tampa Bay Lightning : 2 - Anaheim Ducks : 1.
13:11 of 1st period - Anze Kopitar wins face-off versus John Tavares in neutral zone.
13:20 of 1st period - Wrist shot by Travis Konecny.
13:20 of 1st period - Stopped by Linus Ullmark without a rebound.
13:21 of 1st period - John Tavares wins face-off versus Anze Kopitar in Anaheim Ducks zone.
13:32 of 1st period - Mark Scheifele is hit by Travis Konecny and loses puck.
13:41 of 1st period - Snap shot by Johnny Gaudreau.
13:41 of 1st period - Goal by Johnny Gaudreau - Tampa Bay Lightning : 3 - Anaheim Ducks : 1.
13:42 of 1st period - Chandler Stephenson wins face-off versus Logan Couture in neutral zone.
13:50 of 1st period - Wrist shot by Kirill Kaprizov.
13:50 of 1st period - Deflect By Logan Couture.
13:50 of 1st period - Shot Misses the Net.
13:50 of 1st period - Puck is out of play.
13:51 of 1st period - Max Domi wins face-off versus Logan Couture in Anaheim Ducks zone.
13:56 of 1st period - Snap shot by Max Domi.
13:56 of 1st period - Deflect By Kirill Kaprizov.
13:56 of 1st period - Stopped by Jeremy Swayman with a rebound.
14:06 of 1st period - Snap shot by Kirill Kaprizov.
14:06 of 1st period - Stopped by Linus Ullmark with a rebound.
14:23 of 1st period - Wrist shot by Roope Hintz.
14:23 of 1st period - Stopped by Linus Ullmark without a rebound.
14:24 of 1st period - John Tavares wins face-off versus Anze Kopitar in Anaheim Ducks zone.
14:33 of 1st period - Icing by Moritz Seider.
14:34 of 1st period - John Tavares wins face-off versus Anze Kopitar in Tampa Bay Lightning zone.
14:47 of 1st period - Mark Scheifele is hit by Travis Konecny and loses puck.
15:00 of 1st period - Wrist shot by William Nylander.
15:00 of 1st period - Shot Misses the Net.
15:02 of 1st period - Slapshot by Esa Lindell.
15:02 of 1st period - Stopped by Jeremy Swayman with a rebound.
15:04 of 1st period - Wrist shot by John Tavares.
15:04 of 1st period - Shot Blocked by Moritz Seider.
15:06 of 1st period - Backhand shot by Mark Scheifele.
15:06 of 1st period - Stopped by Jeremy Swayman with a rebound.
15:08 of 1st period - Backhand shot by Mark Scheifele.
15:08 of 1st period - Stopped by Jeremy Swayman with a rebound.
15:10 of 1st period - Snap shot by John Tavares.
15:10 of 1st period - Goal by John Tavares - Tampa Bay Lightning : 3 - Anaheim Ducks : 2.
15:11 of 1st period - Logan Couture wins face-off versus Chandler Stephenson in neutral zone.
15:20 of 1st period - Snap shot by Roope Hintz.
15:20 of 1st period - Shot Misses the Net.
15:28 of 1st period - Snap shot by Alex Killorn.
15:28 of 1st period - Stopped by Jeremy Swayman with a rebound.
15:34 of 1st period - Minor Penalty to Michael Matheson for Hooking.
15:35 of 1st period - Anze Kopitar wins face-off versus Mark Scheifele in Tampa Bay Lightning zone.
15:44 of 1st period - Darnell Nurse is hit by William Nylander and loses puck.
15:51 of 1st period - Slapshot by William Nylander.
15:51 of 1st period - Shot Misses the Net.
16:56 of 1st period - Wrist shot by William Nylander.
16:56 of 1st period - Stopped by Jeremy Swayman without a rebound.
16:57 of 1st period - Anze Kopitar wins face-off versus Chandler Stephenson in Tampa Bay Lightning zone.
17:02 of 1st period - Minor Penalty to Max Domi for Hooking.
17:03 of 1st period - Anze Kopitar wins face-off versus John Tavares in Anaheim Ducks zone.
17:08 of 1st period - Snap shot by Dylan Cozens.
17:08 of 1st period - Shot Blocked by John Tavares.
17:10 of 1st period - Backhand shot by Hampus Lindholm.
17:10 of 1st period - Stopped by Linus Ullmark without a rebound.
17:11 of 1st period - Anze Kopitar wins face-off versus John Tavares in Anaheim Ducks zone.
17:16 of 1st period - Snap shot by Anze Kopitar.
17:16 of 1st period - Shot Misses the Net.
17:18 of 1st period - Wrist shot by Anze Kopitar.
17:18 of 1st period - Stopped by Linus Ullmark without a rebound.
17:19 of 1st period - Anze Kopitar wins face-off versus John Tavares in Anaheim Ducks zone.
17:24 of 1st period - Snap shot by Anze Kopitar.
17:24 of 1st period - Shot Blocked by Ivan Provorov.
17:34 of 1st period - Penalty to Michael Matheson is over, Michael Matheson is back on ice.
17:53 of 1st period - Wrist shot by Alex Killorn.
17:53 of 1st period - Shot Blocked by Hampus Lindholm.
17:55 of 1st period - Snap shot by Alex Killorn.
17:55 of 1st period - Shot Blocked by Roope Hintz.
17:57 of 1st period - Backhand shot by Chandler Stephenson.
17:57 of 1st period - Shot Blocked by Hampus Lindholm.
19:02 of 1st period - Penalty to Max Domi is over, Max Domi is back on ice.
19:15 of 1st period - Snap shot by Mark Scheifele.
19:15 of 1st period - Deflect By Michael Matheson.
19:15 of 1st period - Stopped by Jeremy Swayman with a rebound.
19:33 of 1st period - Wrist shot by Tyler Toffoli.
19:33 of 1st period - Stopped by Linus Ullmark without a rebound.
19:34 of 1st period - Tomas Hertl wins face-off versus Nazem Kadri in Anaheim Ducks zone.
19:35 of 1st period - Wrist shot by Tyler Toffoli.
19:35 of 1st period - Stopped by Linus Ullmark without a rebound.
19:36 of 1st period - Tomas Hertl wins face-off versus Nazem Kadri in Anaheim Ducks zone.
19:37 of 1st period - Snap shot by Tyler Toffoli.
19:37 of 1st period - Stopped by Linus Ullmark without a rebound.
19:38 of 1st period - Anze Kopitar wins face-off versus John Tavares in Anaheim Ducks zone.
19:53 of 1st period - Wrist shot by Johnny Gaudreau.
19:53 of 1st period - Stopped by Linus Ullmark with a rebound.
19:55 of 1st period - Slapshot by Vladislav Gavrikov.
19:55 of 1st period - Stopped by Linus Ullmark with a rebound.
Goals for this period are 3 for Tampa Bay Lightning vs 2 for Anaheim Ducks.
Shots for this period are 15 for Tampa Bay Lightning vs 11 for Anaheim Ducks.
2nd period
0:01 of 2nd period - Chandler Stephenson wins face-off versus Anze Kopitar in neutral zone.
1:13 of 2nd period - Tomas Hertl is hit by Chandler Stephenson and loses puck.
1:24 of 2nd period - Slapshot by Hampus Lindholm.
1:24 of 2nd period - Deflect By Tyler Toffoli.
1:24 of 2nd period - Shot Misses the Net.
1:24 of 2nd period - Puck is out of play.
1:25 of 2nd period - John Tavares wins face-off versus Anze Kopitar in Anaheim Ducks zone.
1:27 of 2nd period - Minor Penalty to Josh Manson for Roughing.
1:28 of 2nd period - Anze Kopitar wins face-off versus Chandler Stephenson in Anaheim Ducks zone.
2:05 of 2nd period - Slapshot by Kirill Kaprizov.
2:05 of 2nd period - Stopped by Linus Ullmark with a rebound.
2:23 of 2nd period - Brenden Dillon is hit by Logan Couture and loses puck.
3:27 of 2nd period - Penalty to Josh Manson is over, Josh Manson is back on ice.
3:50 of 2nd period - Mark Scheifele is hit by Tyler Toffoli and loses puck.
5:15 of 2nd period - Wrist shot by Tomas Hertl.
5:15 of 2nd period - Shot Misses the Net.
5:17 of 2nd period - Slapshot by Darnell Nurse.
5:17 of 2nd period - Stopped by Linus Ullmark without a rebound.
5:18 of 2nd period - Anze Kopitar wins face-off versus John Tavares in Anaheim Ducks zone.
5:19 of 2nd period - Snap shot by Johnny Gaudreau.
5:19 of 2nd period - Stopped by Linus Ullmark with a rebound.
6:26 of 2nd period - Logan Couture is hit by Joshua Morrissey and loses puck.
6:43 of 2nd period - Johnny Gaudreau is hit by Morgan Rielly and loses puck.
6:59 of 2nd period - Johnny Gaudreau is hit by John Tavares.
7:09 of 2nd period - Slapshot by William Nylander.
7:09 of 2nd period - Goal by William Nylander - Tampa Bay Lightning : 3 - Anaheim Ducks : 3.
7:10 of 2nd period - Chandler Stephenson wins face-off versus Kirill Kaprizov in neutral zone.
7:25 of 2nd period - Minor Penalty to Darnell Nurse for High sticking.
7:26 of 2nd period - Anze Kopitar wins face-off versus John Tavares in Tampa Bay Lightning zone.
8:25 of 2nd period - Ryan Graves is hit by John Tavares.
9:25 of 2nd period - Penalty to Darnell Nurse is over, Darnell Nurse is back on ice.
9:28 of 2nd period - Slapshot by Brayden Schenn.
9:28 of 2nd period - Shot Blocked by Darnell Nurse.
10:58 of 2nd period - Icing by Chandler Stephenson.
10:59 of 2nd period - John Tavares wins face-off versus Anze Kopitar in Anaheim Ducks zone.
11:28 of 2nd period - Teuvo Teravainen is hit by Ryan Graves and loses puck.
11:39 of 2nd period - Slapshot by Tomas Hertl.
11:39 of 2nd period - Shot Misses the Net.
12:22 of 2nd period - Snap shot by Tomas Hertl.
12:22 of 2nd period - Shot Misses the Net.
12:57 of 2nd period - Brayden Schenn is hit by Dylan Cozens and loses puck.
13:23 of 2nd period - Max Domi is hit by Tomas Hertl and loses puck.
13:55 of 2nd period - Kirill Kaprizov is hit by John Tavares and loses puck.
14:11 of 2nd period - Off-side.
14:12 of 2nd period - Travis Konecny wins face-off versus J.T. Compher in neutral zone.
14:29 of 2nd period - Snap shot by Anze Kopitar.
14:29 of 2nd period - Stopped by Linus Ullmark with a rebound.
14:46 of 2nd period - Snap shot by William Nylander.
14:46 of 2nd period - Stopped by Jeremy Swayman without a rebound.
14:47 of 2nd period - Logan Couture wins face-off versus Chandler Stephenson in Tampa Bay Lightning zone.
14:47 of 2nd period - Logan Couture is hit by Brenden Dillon.
14:56 of 2nd period - Icing by Brenden Dillon.
14:57 of 2nd period - Chandler Stephenson wins face-off versus Logan Couture in Anaheim Ducks zone.
16:04 of 2nd period - Snap shot by Logan Couture.
16:04 of 2nd period - Stopped by Linus Ullmark without a rebound.
16:05 of 2nd period - John Tavares wins face-off versus Anze Kopitar in Anaheim Ducks zone.
16:20 of 2nd period - Wrist shot by John Tavares.
16:20 of 2nd period - Shot Misses the Net.
16:22 of 2nd period - Slapshot by John Tavares.
16:22 of 2nd period - Shot Misses the Net.
16:32 of 2nd period - J.T. Compher is hit by Dylan Cozens.
16:38 of 2nd period - Wrist shot by Brayden Schenn.
16:38 of 2nd period - Shot Misses the Net.
18:11 of 2nd period - Chandler Stephenson is hit by Darnell Nurse and loses puck.
18:24 of 2nd period - Snap shot by Travis Konecny.
18:24 of 2nd period - Stopped by Linus Ullmark without a rebound.
18:25 of 2nd period - John Tavares wins face-off versus Anze Kopitar in Anaheim Ducks zone.
18:29 of 2nd period - Off-side.
18:30 of 2nd period - John Tavares wins face-off versus Anze Kopitar in neutral zone.
18:55 of 2nd period - Off-side.
18:56 of 2nd period - Chandler Stephenson wins face-off versus Logan Couture in neutral zone.
19:23 of 2nd period - John Tavares is hit by Moritz Seider and loses puck.
19:32 of 2nd period - Snap shot by Anze Kopitar.
19:32 of 2nd period - Shot Blocked by Josh Manson.
19:34 of 2nd period - Snap shot by Travis Konecny.
19:34 of 2nd period - Stopped by Linus Ullmark without a rebound.
19:35 of 2nd period - Chandler Stephenson wins face-off versus Tomas Hertl in Anaheim Ducks zone.
19:48 of 2nd period - Snap shot by Dylan Cozens.
19:48 of 2nd period - Shot Misses the Net.
19:50 of 2nd period - Snap shot by Tomas Hertl.
19:50 of 2nd period - Shot Misses the Net.
19:52 of 2nd period - Slapshot by Dylan Cozens.
19:52 of 2nd period - Shot Blocked by Max Domi.
Goals for this period are 0 for Tampa Bay Lightning vs 1 for Anaheim Ducks.
Shots for this period are 7 for Tampa Bay Lightning vs 2 for Anaheim Ducks.
3rd period
0:01 of 3rd period - John Tavares wins face-off versus Anze Kopitar in neutral zone.
0:10 of 3rd period - Slapshot by Mark Scheifele.
0:10 of 3rd period - Shot Misses the Net.
0:12 of 3rd period - Wrist shot by Ivan Provorov.
0:12 of 3rd period - Deflect By Johnny Gaudreau.
0:12 of 3rd period - Stopped by Jeremy Swayman with a rebound.
0:14 of 3rd period - Slapshot by Mark Scheifele.
0:14 of 3rd period - Stopped by Jeremy Swayman with a rebound.
0:16 of 3rd period - Slapshot by Esa Lindell.
0:16 of 3rd period - Shot Blocked by Johnny Gaudreau.
0:22 of 3rd period - Minor Penalty to Moritz Seider for Interference.
0:23 of 3rd period - Anze Kopitar wins face-off versus William Nylander in Tampa Bay Lightning zone.
0:23 of 3rd period - Anze Kopitar is hit by John Tavares.
0:33 of 3rd period - Snap shot by Anze Kopitar.
0:33 of 3rd period - Shot Misses the Net.
0:35 of 3rd period - Snap shot by Anze Kopitar.
0:35 of 3rd period - Stopped by Linus Ullmark without a rebound.
0:36 of 3rd period - John Tavares wins face-off versus Anze Kopitar in Anaheim Ducks zone.
0:47 of 3rd period - Slapshot by William Nylander.
0:47 of 3rd period - Goal by William Nylander - Tampa Bay Lightning : 3 - Anaheim Ducks : 4.
0:48 of 3rd period - John Tavares wins face-off versus Anze Kopitar in neutral zone.
0:53 of 3rd period - Snap shot by John Tavares.
0:53 of 3rd period - Shot Blocked by Darnell Nurse.
1:00 of 3rd period - Off-side.
1:01 of 3rd period - John Tavares wins face-off versus Anze Kopitar in neutral zone.
1:35 of 3rd period - Slapshot by Roope Hintz.
1:35 of 3rd period - Shot Misses the Net.
1:37 of 3rd period - Snap shot by Kirill Kaprizov.
1:37 of 3rd period - Deflect By Morgan Rielly.
1:37 of 3rd period - Stopped by Linus Ullmark with a rebound.
1:39 of 3rd period - Snap shot by Darnell Nurse.
1:39 of 3rd period - Stopped by Linus Ullmark with a rebound.
1:51 of 3rd period - Snap shot by Brayden Schenn.
1:51 of 3rd period - Shot Misses the Net.
2:05 of 3rd period - Double Minor Penalty to J.T. Compher for Roughing.
2:06 of 3rd period - Chandler Stephenson wins face-off versus Anze Kopitar in Anaheim Ducks zone.
2:15 of 3rd period - Ivan Provorov is hit by Moritz Seider and loses puck.
2:28 of 3rd period - Michael Matheson is hit by Josh Manson.
2:40 of 3rd period - Snap shot by Travis Konecny.
2:40 of 3rd period - Stopped by Linus Ullmark with a rebound.
2:42 of 3rd period - Snap shot by Anze Kopitar.
2:42 of 3rd period - Shot Blocked by Josh Manson.
3:17 of 3rd period - Minor Penalty to Brenden Dillon for Hooking.
3:18 of 3rd period - Logan Couture wins face-off versus Alex Killorn in Anaheim Ducks zone.
3:32 of 3rd period - Wrist shot by Kirill Kaprizov.
3:32 of 3rd period - Deflect By Morgan Rielly.
3:32 of 3rd period - Shot Misses the Net.
3:32 of 3rd period - Puck is out of play.
3:33 of 3rd period - Logan Couture wins face-off versus Chandler Stephenson in Anaheim Ducks zone.
3:34 of 3rd period - Slapshot by Kirill Kaprizov.
3:34 of 3rd period - Goal by Kirill Kaprizov - Tampa Bay Lightning : 4 - Anaheim Ducks : 4.
3:35 of 3rd period - Chandler Stephenson wins face-off versus Anze Kopitar in neutral zone.
3:38 of 3rd period - Slapshot by Ivan Provorov.
3:38 of 3rd period - Shot Misses the Net.
4:06 of 3rd period - Slapshot by Ivan Provorov.
4:06 of 3rd period - Shot Misses the Net.
4:28 of 3rd period - Darnell Nurse is hit by Alex Killorn and loses puck.
5:17 of 3rd period - Penalty to Brenden Dillon is over, Brenden Dillon is back on ice.
5:34 of 3rd period - Penalty to J.T. Compher is over, J.T. Compher is back on ice.
5:48 of 3rd period - Wrist shot by Brayden Schenn.
5:48 of 3rd period - Deflect By J.T. Compher.
5:48 of 3rd period - Shot Blocked by Tomas Hertl.
5:48 of 3rd period - Puck is out of play.
5:49 of 3rd period - Tomas Hertl wins face-off versus Mark Scheifele in Tampa Bay Lightning zone.
5:58 of 3rd period - Snap shot by Dylan Cozens.
5:58 of 3rd period - Shot Hit the Post.
6:00 of 3rd period - Slapshot by Ryan Graves.
6:00 of 3rd period - Deflect By Tomas Hertl.
6:00 of 3rd period - Shot Misses the Net.
6:00 of 3rd period - Puck is out of play.
6:01 of 3rd period - John Tavares wins face-off versus Logan Couture in Anaheim Ducks zone.
6:53 of 3rd period - Wrist shot by Johnny Gaudreau.
6:53 of 3rd period - Stopped by Linus Ullmark with a rebound.
6:55 of 3rd period - Slapshot by Vladislav Gavrikov.
6:55 of 3rd period - Stopped by Linus Ullmark with a rebound.
6:57 of 3rd period - Snap shot by Vladislav Gavrikov.
6:57 of 3rd period - Stopped by Linus Ullmark with a rebound.
6:59 of 3rd period - Snap shot by Vladislav Gavrikov.
6:59 of 3rd period - Shot Misses the Net.
7:17 of 3rd period - Snap shot by Nazem Kadri.
7:17 of 3rd period - Stopped by Jeremy Swayman with a rebound.
7:19 of 3rd period - Slapshot by Ivan Provorov.
7:19 of 3rd period - Shot Blocked by Trevor Moore.
7:21 of 3rd period - Wrist shot by Mason Marchment.
7:21 of 3rd period - Shot Misses the Net.
7:23 of 3rd period - Wrist shot by Esa Lindell.
7:23 of 3rd period - Stopped by Jeremy Swayman with a rebound.
7:33 of 3rd period - Brenden Dillon is hit by Roope Hintz and loses puck.
8:28 of 3rd period - Snap shot by Teuvo Teravainen.
8:28 of 3rd period - Stopped by Jeremy Swayman with a rebound.
8:38 of 3rd period - Gustav Nyquist is hit by Calle Jarnkrok.
8:44 of 3rd period - Slapshot by Nazem Kadri.
8:44 of 3rd period - Shot Blocked by Gustav Nyquist.
8:46 of 3rd period - Snap shot by Mason Marchment.
8:46 of 3rd period - Shot Misses the Net.
8:48 of 3rd period - Snap shot by Esa Lindell.
8:48 of 3rd period - Stopped by Jeremy Swayman with a rebound.
8:58 of 3rd period - Gustav Nyquist is hit by Chandler Stephenson and loses puck.
9:07 of 3rd period - Snap shot by Max Domi.
9:07 of 3rd period - Shot Misses the Net.
9:50 of 3rd period - Icing by J.T. Compher.
9:51 of 3rd period - J.T. Compher wins face-off versus Logan Couture in Anaheim Ducks zone.
10:30 of 3rd period - Slapshot by Joshua Morrissey.
10:30 of 3rd period - Shot Blocked by Travis Konecny.
10:32 of 3rd period - Snap shot by John Tavares.
10:32 of 3rd period - Goal by John Tavares - Tampa Bay Lightning : 4 - Anaheim Ducks : 5.
10:33 of 3rd period - William Nylander wins face-off versus Anze Kopitar in neutral zone.
10:44 of 3rd period - Wrist shot by Mark Scheifele.
10:44 of 3rd period - Stopped by Jeremy Swayman with a rebound.
10:46 of 3rd period - Snap shot by William Nylander.
10:46 of 3rd period - Shot Misses the Net.
10:48 of 3rd period - Wrist shot by William Nylander.
10:48 of 3rd period - Shot Misses the Net.
11:00 of 3rd period - Max Domi is hit by Logan Couture and loses puck.
11:13 of 3rd period - Slapshot by Kirill Kaprizov.
11:13 of 3rd period - Shot Blocked by Brenden Dillon.
11:29 of 3rd period - Wrist shot by Gustav Nyquist.
11:29 of 3rd period - Stopped by Linus Ullmark with a rebound.
11:31 of 3rd period - Snap shot by Tomas Hertl.
11:31 of 3rd period - Shot Misses the Net.
12:38 of 3rd period - Backhand shot by John Tavares.
12:38 of 3rd period - Deflect By Gustav Nyquist.
12:38 of 3rd period - Shot Blocked by Gustav Nyquist.
12:38 of 3rd period - Puck is out of play.
12:39 of 3rd period - Logan Couture wins face-off versus John Tavares in Tampa Bay Lightning zone.
12:48 of 3rd period - Ryan Graves is hit by Mark Scheifele and loses puck.
13:16 of 3rd period - Snap shot by William Nylander.
13:16 of 3rd period - Stopped by Jeremy Swayman without a rebound.
13:17 of 3rd period - Chandler Stephenson wins face-off versus Anze Kopitar in Tampa Bay Lightning zone.
13:22 of 3rd period - Snap shot by Max Domi.
13:22 of 3rd period - Shot Blocked by Anze Kopitar.
13:34 of 3rd period - Snap shot by Anze Kopitar.
13:34 of 3rd period - Shot Blocked by Max Domi.
13:44 of 3rd period - Gustav Nyquist is hit by Ivan Provorov and loses puck.
14:09 of 3rd period - Snap shot by Brayden Schenn.
14:09 of 3rd period - Shot Misses the Net.
14:11 of 3rd period - Snap shot by Nazem Kadri.
14:11 of 3rd period - Stopped by Jeremy Swayman without a rebound.
14:12 of 3rd period - Anze Kopitar wins face-off versus Nazem Kadri in Tampa Bay Lightning zone.
14:25 of 3rd period - Snap shot by Nazem Kadri.
14:25 of 3rd period - Deflect By Calle Jarnkrok.
14:25 of 3rd period - Shot Blocked by Michael Matheson.
14:25 of 3rd period - Puck is out of play.
14:26 of 3rd period - Anze Kopitar wins face-off versus John Tavares in Tampa Bay Lightning zone.
14:35 of 3rd period - Wrist shot by Johnny Gaudreau.
14:35 of 3rd period - Shot Misses the Net.
15:21 of 3rd period - Off-side.
15:22 of 3rd period - Teuvo Teravainen wins face-off versus Dylan Cozens in neutral zone.
15:41 of 3rd period - Icing by Darnell Nurse.
15:42 of 3rd period - Tomas Hertl wins face-off versus John Tavares in Tampa Bay Lightning zone.
16:07 of 3rd period - Off-side.
16:08 of 3rd period - Anze Kopitar wins face-off versus J.T. Compher in neutral zone.
16:22 of 3rd period - Slapshot by Brayden Schenn.
16:22 of 3rd period - Shot Misses the Net.
16:24 of 3rd period - Snap shot by J.T. Compher.
16:24 of 3rd period - Shot Misses the Net.
17:15 of 3rd period - Anze Kopitar is hit by Mason Marchment and loses puck.
17:22 of 3rd period - Wrist shot by Nazem Kadri.
17:22 of 3rd period - Shot Misses the Net.
17:24 of 3rd period - Slapshot by Calle Jarnkrok.
17:24 of 3rd period - Stopped by Jeremy Swayman with a rebound.
18:10 of 3rd period - Tomas Hertl is hit by Ivan Provorov and loses puck.
18:32 of 3rd period - Wrist shot by Chandler Stephenson.
18:32 of 3rd period - Stopped by Jeremy Swayman with a rebound.
18:46 of 3rd period - Tampa Bay Lightning, Jeremy Swayman is pulled from the net.
19:06 of 3rd period - Snap shot by Chandler Stephenson.
19:06 of 3rd period - Goal by Chandler Stephenson - Tampa Bay Lightning : 4 - Anaheim Ducks : 6.
19:06 of 3rd period - Jeremy Swayman from Tampa Bay Lightning was sent back in the game.
19:07 of 3rd period - J.T. Compher wins face-off versus Tomas Hertl in neutral zone.
19:12 of 3rd period - Gustav Nyquist is hit by Ivan Provorov and loses puck.
19:23 of 3rd period - Snap shot by Brayden Schenn.
19:23 of 3rd period - Shot Misses the Net.
19:32 of 3rd period - Icing by J.T. Compher.
19:33 of 3rd period - Teuvo Teravainen wins face-off versus Logan Couture in Anaheim Ducks zone.
Goals for this period are 1 for Tampa Bay Lightning vs 3 for Anaheim Ducks.
Shots for this period are 9 for Tampa Bay Lightning vs 14 for Anaheim Ducks.
Back to the Top